[Event "US Masters 2022"]
[Site "Charlotte"]
[Date "2022.11.27"]
[Round "7.7"]
[White "Yoo, Christopher Woojin"]
[Black "Bora, Safal"]
[Result "1-0"]
[ECO "C01"]
[WhiteElo "2573"]
[BlackElo "2446"]
[Annotator "TA"]
[PlyCount "139"]
[EventDate "2022.11.23"]
[EventType "swiss"]
[EventCountry "USA"]
[SourceTitle "playchess.com"]
[Source "ChessBase"]
[SourceQuality "1"]
[TimeControl "5400+30"]

1. e4 e6 2. d4 d5 3. exd5 exd5 4. Nf3 Nf6 5. Bd3 Bd6 6. O-O O-O 7. Bg5 Bg4 8. Nbd2 Nbd7 9. h3 {[%emt 0:01:36] C01: French: Exchange Variation.} Bh5 10. c4 dxc4 11. Nxc4 {[%emt 0:00:50] The position is equal.} Nb6 12. Nce5 {[%emt 0:05:07] [#]} Be7 $146 ({Predecessor:} 12... c6 13. g4 Bg6 14. Nxg6 hxg6 15. Qb3 a5 16. a4 Nbd5 17. Rfe1 Qc7 18. Re2 Nd7 {½-½ (37) Wakeham,M (2128)-Schott,R (2176) ICCF email 2018}) 13. Re1 c6 14. Qb3 Bxf3 15. Nxf3 (15. gxf3 Nfd5 16. Be3 Bb4 $17) 15... Nfd5 {[%emt 0:01:28] Against a4} (15... Qc7 {feels hotter.} 16. Ne5 Nfd5 17. Bd2 Bd6) 16. Bd2 Bf6 17. Be4 Qd6 18. Rac1 {[%emt 0:04:33] White is more active.} Rfe8 19. a4 $1 {[%emt 0:02:03] aiming for a5.} Rab8 20. a5 {[%emt 0:02:30] Against a6} Nd7 21. a6 (21. Bxd5 {simplifies} Rxe1+ 22. Bxe1 Qxd5 23. Qxd5 cxd5 24. Rc7) 21... bxa6 22. Qd3 g6 (22... Rxb2 $2 23. Bxh7+ (23. Qxa6 Re6 $14) 23... Kf8 24. Rxe8+ (24. Qxa6 Ne7 $16) 24... Kxe8 25. Qxa6 $18) 23. Qxa6 Rb6 24. Qa4 Kg7 25. Rc2 Reb8 26. Rec1 Qe6 27. Bd3 (27. Rxc6 $2 Qxe4 28. Rxb6 N7xb6 $19) 27... Rxb2 {[%emt 0:06:08] [#]} (27... Nb4 $14 28. Bxb4 Rxb4 29. Qxa7 (29. Qxc6 Qxc6 30. Rxc6 Bxd4 $11) 29... R8b7) 28. Rxc6 (28. Qxc6 $6 Qxc6 29. Rxc6 Rxd2 30. Nxd2 Nb4 $11) (28. Re1 $142 $1 Rb1 29. Bc1 (29. Qxc6 Rxe1+ 30. Bxe1 Nf4 $11)) 28... Qe8 $16 29. Re1 (29. Qxa7 $2 Ra8 $19) 29... N7b6 $1 30. Rxe8 {[%emt 0:00:00] The board is on fire.} Nxa4 {[%emt 0:00:02] Pair of Knights!} 31. Rxb8 Rxb8 32. Ra6 Nb4 $1 33. Rxa4 Nxd3 34. Kf1 (34. Rxa7 Rb1+ 35. Kh2 Nxf2 $11) 34... Rb7 35. Ke2 Nb2 36. Ra6 Nc4 37. Bc3 Nb6 ({Weaker is} 37... Rb3 38. Kd3 Rb6 39. Rxa7 $16) 38. g4 Bd8 39. g5 Nd5 40. Bd2 Bb6 41. Kd3 f6 42. h4 Rd7 43. Kc4 Ne7 44. Ra1 fxg5 45. hxg5 Nf5 46. Bf4 h6 47. Be5+ Kf8 48. gxh6 Nxh6 49. Rg1 Nf7 50. Bf4 Kg7 51. Be3 Rd6 52. Nd2 Rd7 53. Ne4 Nd6+ 54. Nxd6 Rxd6 $14 {[%emt 0:00:02][%mdl 4096] Endgame KRB-KRB} 55. d5 Kf6 (55... Kf7 $11 {remains equal.}) 56. Re1 {[%emt 0:00:00] Strongly threatening Bc5.} Kf5 57. Bd4 Bxd4 $4 {[%emt 0:03:31][%mdl 8192] This move loses the game for Black.} (57... Rd8 $16) 58. Kxd4 $16 {[%emt 0:00:12] Kc5 is the strong threat. KR-KR} Rb6 {[%emt 0:00:30] [#]} 59. Re2 $1 {[%emt 0:00:16] Intending Kc5 and mate.} Rb1 60. d6 {[%emt 0:00:23] White threatens Kd5 and mate.} ({Less strong is} 60. Re5+ Kf6 61. Re3 (61. Re6+ Kf7 $14) 61... Rf1 $16) 60... Rd1+ 61. Kc5 {[%emt 0:00:03] Black must now prevent Kc6.} a5 62. Kc6 {[%emt 0:00:07] White mates.} a4 63. d7 a3 64. Kc7 Rc1+ 65. Kd6 Rd1+ 66. Ke7 a2 67. Rxa2 (67. d8=B {leads to mate.} a1=Q 68. Bc7 Qg7+ 69. Ke8 Rd7 70. Re5+ Kf6 71. Bd8+ Kxe5 72. f4+ Kd5 73. Bh4 Qf7#) 67... Re1+ 68. Kd8 Ke6 69. Ra6+ Kf7 70. Kc7 {[%emt 0:00:06] Weighted Error Value: White=0.07 (flawless) /Black=0.23 (precise)} 1-0

[Event "US Masters 2022"]
[Site "Charlotte"]
[Date "2022.11.27"]
[Round "7.8"]
[White "Grinberg, Eyal"]
[Black "Cordova, Emilio"]
[Result "0-1"]
[ECO "C07"]
[WhiteElo "2491"]
[BlackElo "2561"]
[Annotator "TA"]
[PlyCount "128"]
[EventDate "2022.11.23"]
[EventType "swiss"]
[EventCountry "USA"]
[SourceTitle "playchess.com"]
[Source "ChessBase"]
[SourceQuality "1"]
[TimeControl "5400+30"]

1. e4 e6 2. d4 d5 3. Nd2 c5 4. exd5 Qxd5 5. dxc5 Bxc5 6. Ngf3 Nf6 7. Bc4 Qd7 {[%emt 0:00:41] C07: French Tarrasch: 3...c5, 4 Ngf3 and 4 exd5 Qxd5.} 8. O-O a6 9. a4 Qc7 {[%emt 0:01:54] The position is equal.} 10. Qe2 Nc6 (10... Bd7 {is more complex.} 11. b3 Bc6 12. Bb2 Nbd7) 11. Nb3 Bd6 12. h3 {[%emt 0:02:53] [#]} b6 $146 ({Predecessor:} 12... O-O 13. Rd1 Nb4 14. c3 Nbd5 15. Rd4 h6 16. a5 Bd7 17. Bd3 Bc6 18. Rc4 e5 {0-1 (40) Zufic,M (2462)-Livaic,L (2428) Mali Losinj 2016}) 13. Re1 O-O 14. Bg5 Bb7 15. Rad1 Rfe8 16. c3 h6 17. Bxf6 gxf6 18. Nbd4 f5 19. Bd3 Bf4 20. Nc2 (20. Bc2 $11) 20... Kh8 $1 $17 21. Kh1 Rg8 $1 22. Rg1 Ne7 (22... Ne5 $17 {[%cal Og8g2] And now ...Rxg2! would win.} 23. Nce1 Rad8) 23. Nce1 (23. Nb4 $15) 23... Rg6 24. Bc4 Ng8 25. Rd4 Nf6 $1 26. Nd3 {[%emt 0:01:40] Inhibits e5.} (26. Bd3 $15) 26... Ne4 $1 {[%emt 0:01:13][%cal Of4g3] aiming for ...Bg3!} 27. Nxf4 Qxf4 28. Bd3 (28. Rd7 $11 Bc6 29. Rd4 (29. Rxf7 $2 Rag8 $19)) 28... Bc6 ({Better is} 28... Rag8 $17 {...e5 is the strong threat.} 29. Bxe4 fxe4) 29. Bxe4 fxe4 30. Nh2 (30. Nd2 $1 $11) 30... e5 31. Rb4 b5 (31... Rag8 $5 32. Nf1 (32. Rxb6 e3 $17) 32... Bb7 $17) 32. axb5 axb5 33. Ng4 (33. c4 {looks sharper.} e3 34. f3 Rag8 35. Rb3) 33... Rag8 (33... Rf8 {seems wilder.} 34. Ne3 f5 35. Rxb5 Bxb5 36. Qxb5 Qxf2 37. Qxe5+ Kh7) 34. Qe3 Re6 35. c4 bxc4 (35... f5 $5 36. cxb5 Bb7 $11) 36. Rxc4 f5 37. Nh2 (37. Rgc1 $11) 37... Qxe3 $15 38. fxe3 Bb5 39. Rc2 (39. Rc7 $1 $11) 39... Bd3 (39... Kg7 $17) 40. Rf2 $11 Rf8 41. Nf1 (41. g3 $1 $11 {remains equal.}) 41... Kg7 {[%emt 0:00:09] Black has more active pieces. The white rooks are badly placed.} (41... f4 $17 42. Nh2 h5) 42. Ng3 $15 Kg6 $36 {[%emt 0:00:05][%mdl 2048] Black has some pressure.} (42... f4 43. exf4 h5 44. f5 $11 (44. Nxh5+ Kh6 $17)) 43. Ne2 Ref6 44. g3 {[%emt 0:00:38] Inhibits f4.} h5 45. Nc3 Rd8 46. Ra1 Ra6 47. Rxa6+ Bxa6 {[%emt 0:00:04][%mdl 4096] Endgame KRB-KRN} 48. Na4 $2 {[%emt 0:00:36] [#]} (48. Kg1 $17 {is a better defense.}) 48... h4 $1 $19 49. gxh4 {[%emt 0:00:37][%cal Oh4h5] [#]} f4 $1 50. Nc5 (50. Nc3 {was worth a try.}) 50... Rd1+ (50... Bb5 $19 {has better winning chances.} 51. Rg2+ (51. exf4 $2 {perishes.} e3 $19) 51... Kh6 52. Nxe4 (52. exf4 $2 e3 $19) 52... fxe3) 51. Kh2 $17 Bf1 (51... fxe3 $17 52. Rg2+ Kf7 53. Nxa6 Rd2) 52. Nxe4 (52. h5+ $15 Kxh5 53. Nxe4 fxe3 54. Rf5+ Kh6 55. Ng3) 52... fxe3 $19 53. Nc3 Rd2 {[%emt 0:01:28] Black mates.} ({Weaker is} 53... exf2 54. Nxd1 Bxh3 55. Nxf2 $16) 54. Rxd2 exd2 {[%emt 0:00:03] KB-KN} 55. Kg3 {[%emt 0:00:13] [#]} Be2 $1 56. h5+ (56. Kf2 d1=Q) 56... Bxh5 57. b4 d1=Q 58. Nxd1 Bxd1 {[%emt 0:00:06] KB-KPP} 59. b5 Ba4 60. b6 Bc6 61. Kg4 Bb7 62. h4 Bc8+ 63. Kf3 Kf5 64. h5 Bb7+ {[%emt 0:00:04] Weighted Error Value: White=0.43/Black=0.16 (very precise)} 0-1

[Event "US Masters 2022"]
[Site "Charlotte"]
[Date "2022.11.27"]
[Round "7.9"]
[White "Cruz, Cristhian"]
[Black "Neef, Maximilian"]
[Result "1-0"]
[ECO "E94"]
[WhiteElo "2552"]
[BlackElo "2481"]
[Annotator "TA"]
[PlyCount "105"]
[EventDate "2022.11.23"]
[EventType "swiss"]
[EventCountry "USA"]
[SourceTitle "playchess.com"]
[Source "ChessBase"]
[SourceQuality "1"]
[TimeControl "5400+30"]

1. d4 Nf6 2. c4 g6 3. Nc3 Bg7 4. e4 d6 5. Nf3 O-O 6. Be2 Nbd7 7. O-O e5 8. Qc2 c6 9. Rd1 Qe7 10. d5 c5 11. Bg5 h6 12. Bd2 {[%emt 0:02:00] E94: King's Indian: Classical: 6 Be2 e5 7 0-0: Various Black 7th moves.} Nh7 {[%emt 0:09:59] [#]} 13. g3 $146 ({Predecessor:} 13. Qc1 f5 14. Bxh6 f4 15. Bxg7 Kxg7 16. Rd3 g5 17. h3 Ndf6 18. g4 fxg3 19. fxg3 Nh5 {0-1 (67) Malakhatko,V (2447)-Subhayan,K (2301) Dhaka 2021}) 13... Ng5 14. Nxg5 {[%emt 0:09:35] White is better.} hxg5 15. Qc1 Bf6 16. Bg4 Qd8 17. f3 Be7 18. Qc2 {[%emt 0:01:18] White has more active pieces. The black rooks are badly placed.} Kg7 19. Rf1 Rh8 20. Nd1 a6 21. a3 b5 22. Ne3 Rb8 23. Rf2 Nb6 24. b3 (24. Ba5 {with more complications.} Bxg4 25. fxg4 Qc8 26. Raf1) 24... Bd7 25. a4 bxa4 26. bxa4 Be8 {[%emt 0:00:07] [#]} ({Black should play} 26... Bxg4 $14 27. Nxg4 Nd7) 27. Ba5 $1 $16 {[%emt 0:03:39] And now Qb1 would win.} Qc7 28. Qb1 {[%emt 0:00:33] Strongly threatening Rb2.} Qa7 $2 {[%emt 0:02:16] Loses the game.} (28... Nxd5 $16 {was necessary.} 29. Qe1 (29. Bxc7 Rxb1+ 30. Rxb1 Nxe3 $16) 29... Nb6) 29. Rb2 $18 Nd7 30. Rxb8 Qxb8 31. Qxb8 Nxb8 32. Rb1 Bd7 33. Bxd7 Nxd7 34. Rb7 Bd8 35. Rxd7 Bxa5 36. Rxd6 {[%emt 0:00:14][%mdl 4096] Endgame KRB-KRN} Bc3 37. Kg2 (37. Rxa6 Bd4 $11) 37... Rb8 (37... Bd4 $142 38. Ng4 Ra8) 38. Rxa6 Bd4 39. Ng4 Rb2+ 40. Kh3 {[%emt 0:00:15] Hoping for Ra7.} Kf8 41. Ra8+ Kg7 42. Ra7 Rb4 43. a5 Rxc4 44. a6 {[%emt 0:00:05] d6 would kill now.} Rb4 45. Rc7 Ra4 46. a7 c4 47. d6 {[%emt 0:00:28] White wants to mate with d7.} Rxa7 48. d7 ({Not} 48. Rxc4 Rd7 $16) 48... Rxc7 49. d8=Q (49. d8=B $2 {[#] is the wrong capture.} c3 $1 50. Bxg5 (50. Bxc7 $2 {too greedy.} c2 $19) 50... f5 $19) 49... Rc6 {[%emt 0:00:27] [#]} 50. Nh6 $1 {[%emt 0:01:41][%mdl 512] White mates.} g4+ (50... Rc7 51. Qxc7) 51. fxg4 g5 52. Nf5+ Kh7 53. Qf8 {[%emt 0:00:10] Weighted Error Value: White=0.08 (flawless) /Black=0.51} 1-0

[Event "US Masters 2022"]
[Site "Charlotte"]
[Date "2022.11.27"]
[Round "7.10"]
[White "Mardov, Dimitar"]
[Black "Jacobson, Brandon"]
[Result "0-1"]
[ECO "C50"]
[WhiteElo "2432"]
[BlackElo "2551"]
[Annotator "TA"]
[PlyCount "210"]
[EventDate "2022.11.23"]
[EventType "swiss"]
[EventCountry "USA"]
[SourceTitle "playchess.com"]
[Source "ChessBase"]
[SourceQuality "1"]
[TimeControl "5400+30"]

1. e4 e5 2. Nf3 Nc6 3. Bc4 Nf6 4. d3 Bc5 5. O-O d6 6. a4 a6 7. Re1 O-O 8. h3 Ba7 9. Nbd2 Nh5 10. Nf1 Qf6 11. Be3 Nf4 12. Ng3 Be6 13. Nd2 Qg6 14. Qf3 Nd4 15. Bxd4 (15. Qd1 $1 $11) 15... Bxd4 $17 16. c3 Ba7 17. Kh2 Kh8 (17... Qg5 {seems wilder.} 18. Red1 h5 19. Nf5 Bxf5 20. exf5 Qxf5 21. Qxb7 Bxf2 22. Qe4 Qxe4 23. dxe4 h4) 18. Ne2 Nxe2 (18... Nh5 {keeps more tension.} 19. Ng3 Qg5 20. Rad1 Nf4) 19. Rxe2 Bd7 20. Nf1 (20. a5 $11 {remains equal.}) 20... f5 21. exf5 $1 Qxf5 22. Qxf5 Bxf5 23. Ne3 Bg6 24. Rd1 Bh5 25. f3 c6 26. Bb3 Rae8 27. Rde1 Bb8 28. Kh1 Bc7 29. Ng4 Bg6 30. Bc2 h5 31. Ne3 Bh7 32. Nc4 g5 33. a5 Kg7 34. b4 Bf5 35. Ne3 Bd7 36. d4 (36. Nc4 $15) 36... d5 $17 37. dxe5 Rxe5 38. Bd3 Rfe8 (38... c5 $142 39. bxc5 Bxa5) 39. g4 {[%emt 0:00:42] [#]} h4 $1 40. Kg2 Kf6 41. Kf1 {[%emt 0:00:43] [#]} R5e7 (41... c5 $1 $17 42. c4 dxc4 43. Bxc4 Rd8) 42. Bf5 $11 Be6 43. Bxe6 Rxe6 44. Nf5 Rxe2 45. Rxe2 Rxe2 46. Kxe2 Bb8 47. Nd4 Bc7 48. Nb3 b6 $1 49. axb6 Bxb6 50. f4 gxf4 51. Kf3 Ke5 52. Nc1 Be3 53. Nd3+ Kd6 54. Nxf4 Bd2 55. Ne2 $2 (55. Nd3 $11) 55... c5 $19 56. g5 Bxg5 ({Stronger than} 56... cxb4 57. g6 Ke7 58. cxb4 $11) 57. Kg4 Bd8 $2 (57... Bd2 58. Kxh4 cxb4 59. cxb4 Bxb4) 58. Kf5 $2 (58. Kf4) 58... Bb6 59. Nf4 (59. Kg4 $142 Kc6 60. Kf3) 59... c4 $19 60. Ne2 d4 61. cxd4 Kd5 62. b5 a5 $2 (62... Bxd4 63. Nxd4 axb5 64. Nxb5 Kc5 65. Nc3 Kb4 66. Ne4 Kb3 67. Kg4) (62... axb5 63. Nc3+ Kc6) 63. Kf4 $19 Bd8 (63... Bxd4 $2 {perishes.} 64. Nxd4 Kxd4 65. b6 $19) 64. Kf5 $2 (64. Kf3 Be7 65. Kf4) 64... Bc7 $19 65. Kg4 Ke4 66. Kxh4 Kd3 67. Nc1+ Kc2 (67... Kd2 $142 68. Na2 Kc2 69. Kg5 Kb2 70. Kf6 Kxa2 71. h4 c3 72. Kg6 c2 73. h5 a4 74. h6 c1=Q 75. Kg7 a3 76. h7 Qg1+ 77. Kf8 Qxd4 78. Kf7 Qd5+ 79. Kg6 Qe4+ 80. Kf7 Qxh7+ 81. Kf6 Kb3 82. Ke6 a2 83. Kd5 a1=Q 84. Kc6 Qa8+ 85. Kc5 Qf5+ 86. Kd4 Qae4#) 68. Kg4 Kxc1 69. h4 c3 70. h5 Bf4 71. b6 c2 72. h6 Bxh6 73. b7 Kd1 74. b8=Q c1=Q (74... c1=B $2 75. d5 $18) 75. Qb5 Qf4+ 76. Kh5 Qh2+ 77. Kg6 Bd2 78. d5 Qg2+ 79. Kf7 Qf3+ 80. Kg6 Qg4+ 81. Kf6 Bc3+ 82. Kf7 Qh5+ 83. Kf8 Qf3+ 84. Kg8 Qg4+ 85. Kf7 Qf5+ 86. Ke8 Qe4+ 87. Kd7 a4 88. d6 Kc2 89. Qa6 Kb3 90. Qb5+ Qb4 91. Qd5+ Qc4 92. Qd1+ Kb2 93. Ke8 Qe4+ 94. Kf7 Qc4+ 95. Ke8 $1 Qe6+ 96. Kf8 Qd7 97. Qe2+ Kb3 98. Qd1+ Kc4 99. Qe2+ Kc5 100. Qe3+ Bd4 101. Qa3+ Kd5 102. Qf3+ Kxd6 103. Qa3+ Bc5 104. Qg3+ Ke6+ 105. Kg8 Qf7+ 0-1

[Event "US Masters 2022"]
[Site "Charlotte"]
[Date "2022.11.27"]
[Round "7.11"]
[White "Mishra, Abhimanyu"]
[Black "Mandizha, Farai"]
[Result "0-1"]
[ECO "D78"]
[WhiteElo "2549"]
[BlackElo "2359"]
[Annotator "TA"]
[PlyCount "92"]
[EventDate "2022.11.23"]
[EventType "swiss"]
[EventCountry "USA"]
[SourceTitle "playchess.com"]
[Source "ChessBase"]
[SourceQuality "1"]
[TimeControl "5400+30"]

1. d4 Nf6 2. c4 g6 3. g3 c6 4. Bg2 d5 5. Nf3 Bg7 6. O-O O-O 7. a4 {[%emt 0:00:19] D78: Fianchetto Grünfeld: 6 0-0 c6.} Ne4 (7... Be6 $11) 8. Nc3 $14 Nxc3 9. bxc3 {[%emt 0:00:02] White is slightly better.} dxc4 10. a5 {[%emt 0:07:19] Against c5} c5 {[%emt 0:06:45] [#]} 11. Bf4 $146 (11. Qa4 $5 ) ({Predecessor:} 11. Qa4 cxd4 12. Nxd4 e5 13. Nc2 Qc7 14. Nb4 Be6 15. a6 Nxa6 16. Nxa6 bxa6 17. Bxa8 Rxa8 18. Qxa6 {1-0 (44) Javakhishvili,L (2476)-Antova,G (2269) Prague 2022}) 11... cxd4 12. cxd4 Nc6 $36 {[%emt 0:03:49][%cal Oc8e6][%mdl 2048] Black has the initiative.} 13. a6 b5 {[%emt 0:07:42][%cal Oc8e6] And now ...Be6! would win.} (13... bxa6 14. Ne5 Nxd4 15. Bxa8 $11) 14. Ne5 Nxe5 15. Bxa8 ({Better is} 15. dxe5 $15 Bf5 16. Bxa8 Qxa8 17. f3) 15... Bh3 $1 $17 16. Bg2 Bxg2 17. Kxg2 Qa8+ (17... Nc6 $17 18. e3 b4) 18. Kg1 (18. f3 $11 {remains equal.} Nc6 19. d5) 18... Nc6 19. e3 e5 20. dxe5 Nxe5 21. Bxe5 Bxe5 22. Rb1 {[%emt 0:13:01] [#]} Qc6 {[%emt 0:01:07] Black is more active.} 23. Qd2 (23. e4 $17) 23... Rb8 $2 ({Resist} 23... Qxa6 24. Qd5 Bg7 25. Rxb5 $16 (25. Qxb5 Qc8 $16)) (23... c3 $19 24. Qa2 Rb8) 24. Rfc1 $2 {[%emt 0:07:14][%mdl 8192] [#] This costs White the game.} (24. Rfd1 $1 $15 Qxa6 25. Qd7) 24... c3 $1 $19 ({Not} 24... Qxa6 25. Qd5 Bc7 26. Qc5 $11) 25. Qd3 Qxa6 26. Rxc3 Bxc3 27. Qxc3 {[%emt 0:00:01][%mdl 4096] Endgame KQR-KQR} Qb6 28. Rb4 (28. Qd4 {was necessary.} Qxd4 29. exd4) 28... a5 29. Rf4 b4 30. Qc4 Qb7 {[%emt 0:01:02] White must now prevent ...b3.} 31. Qb3 a4 32. Qxa4 b3 33. Rd4 b2 34. Rd1 b1=Q (34... Rc8 $142 35. Qd4 Rc1) 35. Rxb1 Qxb1+ 36. Kg2 Qb7+ 37. f3 Qd5 {[%emt 0:00:29] Black mates.} 38. Qc2 Ra8 39. Kh3 Qxf3 40. e4 Re8 41. Qc6 Qxe4 ({Inferior is} 41... Rxe4 42. Qxg6+ Kf8 43. Qh6+ Ke8 44. Qc6+ Kf8 45. Qh6+ Kg8 46. Qg5+ Kh8 47. Qd8+ Kg7 48. Qg5+ Kf8 49. Qh6+ $11) 42. Qc3 h5 43. Qf6 Rc8 44. Qg5 Rc2 45. Qd8+ Kh7 46. Qd7 Qg4+ {[%emt 0:00:32] Weighted Error Value: White=1.03/Black=0.22 (precise)} (46... Kh6 $142 47. Qc8 Rxc8 48. g4 Qxg4#) 0-1

[Event "US Masters 2022"]
[Site "Charlotte"]
[Date "2022.11.27"]
[Round "7.12"]
[White "Macovei, Andrei"]
[Black "Schitco, Ivan"]
[Result "1/2-1/2"]
[ECO "C55"]
[WhiteElo "2482"]
[BlackElo "2532"]
[Annotator "TA"]
[PlyCount "140"]
[EventDate "2022.11.23"]
[EventType "swiss"]
[EventCountry "USA"]
[SourceTitle "playchess.com"]
[Source "ChessBase"]
[SourceQuality "1"]
[TimeControl "5400+30"]

1. e4 e5 2. Nf3 Nc6 3. Bc4 d6 4. O-O Be7 5. Nc3 Nf6 6. Re1 {[%emt 0:04:17] C55: Two Knights: 4 d3, 4 d4 exd4 5 e5 and Max Lange Attack.} O-O 7. a4 {[%emt 0:01:44] [#]} Na5 $146 ({Predecessor:} 7... h6 8. h3 Kh8 9. d4 Ng8 10. Be3 f5 11. dxe5 Nxe5 12. Nxe5 dxe5 13. exf5 Qxd1 14. Raxd1 Bxf5 {½-½ (51) Salvadego,M (1884)-Arndt,C (1696) Sao Bento do Sul 2019}) 8. Ba2 {[%emt 0:02:27] White has an edge.} c5 9. Nd5 Nxd5 10. Bxd5 Be6 11. Bxe6 fxe6 12. d3 Qb6 13. Be3 Nc6 14. Rb1 Nd4 {[%emt 0:03:35] Against b4} 15. Nd2 Qa6 16. b4 cxb4 17. Bxd4 exd4 18. Rxb4 Bf6 (18... Rac8 $11) 19. Qg4 (19. Qb1 $5 ) 19... d5 (19... Rae8 $14) 20. Reb1 {[%emt 0:03:00] White is more active.} (20. exd5 $16 exd5 21. Qd7) 20... Rac8 $14 21. R1b2 Rc7 22. g3 Qc6 23. Rb5 b6 24. h4 (24. Qe2 $11) 24... Rfc8 $2 (24... Rcf7 $1 $17 {[%cal Of6h4] keeps the pressure on. White must now prevent ...Bxh4!} 25. h5 Be7 26. exd5 exd5) 25. Kg2 ({White should play} 25. a5 $16) 25... Qd6 (25... Rf7 $11) 26. exd5 $16 exd5 27. Qf5 ({Better is} 27. a5 $1 $16) 27... Rd8 $14 28. a5 Rc6 (28... g6 29. Qg4 $14) (28... bxa5 $1 $11 29. Rxa5 Rf7) 29. Nf3 $16 bxa5 30. Rxa5 Qd7 (30... Ra6 $16 31. Rxa6 Qxa6) 31. Qxd7 $18 Rxd7 32. g4 g6 33. g5 Bg7 34. Rba2 Rc8 35. R5a4 (35. Rxa7 $6 Rxa7 36. Rxa7 Rxc2 $16) ({White should try} 35. Ng1) 35... Rdc7 36. Nxd4 (36. Rxa7 Rxa7 37. Rxa7 Rxc2) 36... Bxd4 (36... Re7 $16 37. Nf3 (37. Rxa7 $2 Rxa7 38. Rxa7 Bxd4 $19) 37... Rcc7) 37. Rxd4 Rxc2 38. Rxc2 (38. Rxa7 Rf8 $14) 38... Rxc2 39. Rxd5 $16 {[%emt 0:00:05][%mdl 4096] Endgame Rd8+ is the strong threat. KR-KR} Rc7 (39... Rd2 $142 40. Rd8+ Kg7 41. Rd7+ Kg8) 40. f4 $18 a6 41. Kf3 (41. d4 $1 $18 {and the rest is easy.}) 41... Ra7 $16 42. Ra5 $1 {[%emt 0:00:17] Strongly threatening d4.} Rd7 {[%emt 0:00:33] Against d4} 43. Ke4 {[%emt 0:00:59] Hoping for d4.} Re7+ 44. Kd4 Rd7+ (44... Rf7 $16) 45. Rd5 $1 $18 Rf7 46. Ke5 ({White has to play} 46. Rd8+ $18 Kg7 47. Ke5) 46... a5 $2 (46... Rf8 $16 47. Ke4 Re8+ 48. Kf3 Ra8) 47. Rd8+ $1 (47. Rxa5 $2 Rf5+ 48. Ke4 Rxa5 $19) 47... Kg7 48. Ra8 {[%emt 0:00:08] aiming for d4.} Re7+ 49. Kd4 $2 (49. Kd6 $1 $18 {[%cal Rd6e7] is the precise move to win.} Rf7 50. d4 (50. Rxa5 Rxf4 51. Ra7+ Kf8 $16) 50... Rxf4 51. d5 (51. Rxa5 Rxd4+ 52. Ke5 Rxh4 $11) 51... Rxh4 52. Ke6 (52. Rxa5 h6 $16) 52... Re4+ 53. Kd7) 49... Rf7 $16 50. Ke4 $1 {[%emt 0:00:42] And now d4 would win.} (50. Rxa5 Rxf4+ 51. Kc5 Rf5+ 52. Kb6 Rf4 $14) 50... Re7+ 51. Kd4 {[%emt 0:00:34][%cal Od4c5] Threatens to win with Kc5!} Rf7 52. Ke5 $2 (52. Ke3 $14 Re7+ 53. Kf3) 52... Re7+ $18 53. Kd6 $1 Rf7 54. d4 $1 (54. Rxa5 Rxf4 55. Ra7+ Kf8 $14) 54... Rxf4 55. d5 (55. Rxa5 Rxd4+ 56. Ke6 Rxh4 $11) 55... Rxh4 56. Ke5 {[%emt 0:00:13][%cal Od5d6] Threatening mate with d6!} (56. Rxa5 h6 57. Ra7+ Kf8) 56... Rg4 57. Ra7+ (57. Rxa5 Rxg5+ 58. Ke6 Rg3 $16) 57... Kf8 58. d6 {[%emt 0:00:06] Intending Ra8+ and mate.} (58. Rxh7 Rxg5+ 59. Ke6 Rg1 $16) 58... Ke8 $2 (58... Rxg5+ $18 59. Ke6 Rg3 60. Rf7+ (60. Rxh7 Re3+ 61. Kd7 a4 $16) 60... Kg8) 59. Rxh7 Rg1 60. Ra7 Rf1 61. Ke6 $1 (61. Rxa5 {leads to mate.} Rf5+ 62. Ke6 Rxa5 63. Kf6 Kd7 64. Kxg6 Ke6 65. Kh5 Kf5 66. g6 Ra1 67. Kh4 Rh1+ 68. Kg3 Rg1+ 69. Kf3 Rxg6 70. d7 Rd6 71. d8=B Rxd8 72. Ke3 Rd6 73. Kf2 Kf4 74. Ke2 Rd7 75. Kf2 Re7 76. Kg2 Re2+ 77. Kf1 Kf3 78. Kg1 Re1+ 79. Kh2 Rc1 80. Kh3 Rh1#) 61... Re1+ {[%emt 0:00:02] [#]} 62. Kf6 $1 Ra1 63. Kxg6 a4 64. Kg7 a3 65. g6 ({Not} 65. Kf6 a2 $11) 65... a2 66. Re7+ Kd8 {[%emt 0:00:03] [#]} 67. Ra7 $2 (67. Re2 $1 {mates} Kd7 68. Rd2 Rg1 69. Rxa2 Kxd6 70. Kf7 Rf1+ 71. Kg8 Rh1 72. Ra7) 67... Ke8 $11 {[%emt 0:00:01] The position is equal.} 68. Ra8+ Kd7 69. Ra6 Kd8 70. Ra7 (70. Ra5 $5 Kd7 $8 71. Kg8 $11) 70... Ke8 {Weighted Error Value: White=0.38/Black=0.41} 1/2-1/2